 Dungeon Crawl Stone Soup version 0.30-a0-1114-gd936c97349 (webtiles) character file.

Game seed: 17199628240421446603

116 BlueFish the Shield-Bearer (level 5, 0/36 HPs)
             Began as an Octopode Fighter on Apr 20, 2023.
             Succumbed to an adder's poison
             ... on level 3 of the Dungeon.
             The game lasted 00:02:51 (2230 turns).

BlueFish the Shield-Bearer (Octopode Fighter)       Turns: 2230, Time: 00:02:52

Health: 0/36       AC:  1    Str: 17    XL:     5   Next: 0%
Magic:  5/5        EV: 13    Int: 11    God:
Gold:   126        SH:  5    Dex: 11    Spells: 4/4 levels left

rFire   + . .      SeeInvis .    a - +1 flail
rCold   + . .      Faith    .    b - +1 buckler
rNeg    . . .      Spirit   .    (helmet restricted)
rPois   +          Reflect  .    (no amulet)
rElec   +          Rampage  .    (no ring)
rCorr   +                        (no ring)
Will    .....                    (no ring)
Stlth   +++                      (no ring)
HPRegen 0.26/turn                (no ring)
MPRegen 0.09/turn                (no ring)
                                 (no ring)
                                 (no ring)

@: lethally poisoned (0 -> -3), resistant
A: almost no armour, amphibious, 8 rings, camouflage 1, gelatinous body 1,
(nimble swimmer 1), tentacles
a: no special abilities


You were on level 3 of the Dungeon.
You visited 1 branch of the dungeon, and saw 3 of its levels.

You collected 126 gold pieces.

Inventory:

Hand Weapons
 a - a +1 flail (weapon)
Missiles
 f - 3 atropa-tipped darts
 j - 5 poisoned darts
 k - 29 stones (quivered)
Armour
 b - a +1 buckler (worn)
Jewellery
 g - a ring of fire
Scrolls
 d - 2 scrolls of enchant weapon
 m - a scroll of blinking {unknown}
 n - a scroll of immolation {unknown}
Potions
 c - a potion of might
 o - a potion of flight


   Skills:
 + Level 3.4 Fighting
 + Level 2.5 Maces & Flails
 + Level 1.3 Throwing
 + Level 3.4 Dodging
 * Level 3.3 Stealth
 + Level 3.4 Shields


You had 4 spell levels left.
You didn't know any spells.
Your spell library contained the following spells:

 Spells                   Type           Power      Damage    Failure   Level
 Slow                     Hex            0%         N/A       43%         1
 Cigotuvi's Dreadful Rot  Necr/Pois/Air  0%         N/A       56%         2
 Confusing Touch          Hex            0%         N/A       80%         3
 Ignite Poison            Fire/Tmut/Pois 0%         N/A       80%         3
 Vampiric Draining        Necr           0%         2d6       80%         3
 Freezing Cloud           Conj/Ice/Air   0%         6-21      100%        5


Dungeon Overview and Level Annotations

Branches:
Dungeon (3/15)

Altars:


Innate Abilities, Weirdness & Mutations

You cannot wear most types of armour.
You are amphibious.
You can wear up to eight rings at the same time.
Your skin changes colour to match your surroundings (Stealth+).
Your rubbery body absorbs attacks. (AC +1, EV +1)
((You are camouflaged when in or above water. (Stealth+)))
You have tentacles for arms and can constrict up to eight enemies at once.


Message History

The adder misses you. You block the adder's attack.
You closely miss the adder. Your grab misses the adder.
You feel sick. The adder closely misses you.
You closely miss the adder. Your grab misses the adder.
Your squeeze misses the adder.
You feel sick. The adder bites you. x2
You are more poisoned.
The adder poisons you!
You barely miss the adder. Your grab misses the adder. You squeeze the adder!
The adder is severely wounded.
You feel very sick. The adder bites you. x2
You are more poisoned.
The adder poisons you!
You closely miss the adder. You grab the adder.
The adder is severely wounded.
You constrict the adder.
You feel very sick. The adder bites you.
* * * LOW HITPOINT WARNING * * *
The adder bites you.
* * * LOW HITPOINT WARNING * * *
It was a potion of magic.
Magic courses through your body.
You constrict the adder.
You kill the adder!
* * * LOW HITPOINT WARNING * * *
You feel very sick.
You have reached level 5!
You feel clever.
You feel protected.
* * * LOW HITPOINT WARNING * * *
You feel sick.
As you read the scroll labelled DIQAEF XIUHI MUK, it crumbles to dust.
It is a scroll of enchant armour.
Your +0 buckler glows green for a moment.
* * * LOW HITPOINT WARNING * * *
You feel sick.
As you read the scroll labelled BOOTWI GERPH, it crumbles to dust.
It is a scroll of amnesia.
You feel forgetful for a moment.
You die...

#.###..####.#.#
#.####†#......#
#)....>..##.#.#
..##############.#.#####
.................#.†....
..###...########.#......
#...# #.#...... #...#
#.####### #..@# #.#
#..†# #.# #...# #.#
#...########.#
#^..#........##
##...########..# #...#
##.###### #...# #.......
########


There were no monsters in sight!

Vanquished Creatures
  Jessica (D:3)
  3 adders
  A worm (D:3)
  9 ball pythons
  2 endoplasms (D:2)
  4 giant cockroaches
  5 goblins
  5 hobgoblins
  4 jackals (D:2)
  8 bats
  4 frilled lizards
  8 kobolds
  6 rats
60 creatures vanquished.

Vanquished Creatures (others)
  2 plants (D:1)
2 creatures vanquished.

Grand Total: 62 creatures vanquished

Notes
Turn   | Place    | Note
-------+----------+-------------------------------------------
     0 | D:1      | BlueFish the Octopode Fighter began the quest for the Orb.
     0 | D:1      | Reached XP level 1. HP: 16/16 MP: 1/1
   120 | D:1      | Reached skill level 1 in Stealth
   122 | D:1      | Reached XP level 2. HP: 15/21 MP: 2/2
   432 | D:1      | Reached XP level 3. HP: 26/26 MP: 3/3
  1330 | D:2      | Reached skill level 1 in Throwing
  1523 | D:2      | Reached XP level 4. HP: 29/31 MP: 4/4
  2036 | D:3      | Noticed Jessica
  2041 | D:3      | Killed Jessica
  2228 | D:3      | Reached XP level 5. HP: 4/36 MP: 5/5
  2229 | D:3      | HP: 1/36 [poisoned by an adder]
  2230 | D:3      | Succumbed to an adder's poison

Illustrated notes

Levels and vault maps discovered:
D:1:      tarquinn_simple_flora_water_e, layout_loops_cross,
          lexackson_kobold_supper
D:2:      layout_loops_ring
D:3:      layout_basic, tso_oasis_becter, nicolae_ru_sacrificial_ziggurat,
          serial_co_window_serial, co_window_paths_b, co_window_paths_b,
          co_window_corner_a, co_window_paths_a, co_window_corner_a,
          co_window_broadway_b, co_window_2corner, co_window_broadway_a,
          co_window_broadway_a, co_window_corner_b, co_window_paths_e,
          glass_columns_a, minmay_surrounded, uniq_terence, uniq_jessica

Skill      XL: |  1  2  3  4 |
---------------+-------------+-----
Stealth        | 1 2 3 |  3.3
Throwing       | 1 |  1.3
Fighting       | |  3.4
Maces & Flails | |  2.5
Dodging        | |  3.4
Shields        | |  3.4

Action                     |  1- 3 |  4- 6 || total
---------------------------+-------+-------++-------
  Melee: Flail             |    69 |    29 ||    98
         Constrict         |    21 |     4 ||    25
         Tentacles         |    12 |     6 ||    18
    Use: Scroll            |     1 |     4 ||     5
         Potion            |       |     2 ||     2
   Stab: Sleeping          |     8 |     6 ||    14
 Armour: Skin              |     6 |     4 ||    10
  Dodge: Dodged            |    47 |    14 ||    61
  Block: Buckler           |    12 |     2 ||    14

Table legend: (Time is in decaauts)
 A = Elapsed time spent in this place.
 B = Non-inter-level travel time spent in this place.
 C = Inter-level travel time spent in this place.
 D = Time resting spent in this place.
 E = Time spent auto-exploring this place.
 F = Levels seen in this place.
 G = Mean time per level.
                   A        B        C        D        E       F      G
               +--------+--------+--------+--------+--------+-----+--------+
         Total |   2262 |   1994 |    268 |      0 |   1649 |   3 |  754.0 |
       Dungeon |   2262 |   1994 |    268 |      0 |   1649 |   3 |  754.0 |
               +--------+--------+--------+--------+--------+-----+--------+

Top non-repeatable levels by time:
     D:1: 1320 daAuts
     D:2: 730 daAuts
     D:3: 211 daAuts
